[Event "Deloitte NK 2021"]
[Site "Hoogeveen, Netherlands"]
[Date "2021.10.18"]
[Round "4.1"]
[White "Lai, Hing Ting"]
[Black "Janssen, Ruud"]
[Result "1-0"]
[TimeControl "90min/40moves + 30min + 30sec/move"]
[WhiteElo "2439"]
[BlackElo "2534"]

1. d4 Nf6 2. c4 e6 3. Nf3 d5 4. g3 dxc4 5. Bg2 c5 6. O-O Nc6 7. Qa4 Bd7 8. Qxc4 b5 9. Qd3 c4 10.
Qd1 Rc8 11. Re1 Be7 12. e4 O-O 13. a4 a6 14. axb5 axb5 15. Qe2 Na5 16. Bg5 b4 17. Nbd2 h6 18. Be3 c3 19. bxc3 bxc3 20.
Nf1 Nc6 21. Ne5 Nb4 22. Rec1 Qb6 23. Nxd7 Nxd7 24. d5 Bc5 25. Rxc3 Bxe3 26. Rxe3 Nc2 27. Ra6 Qb1 28. Rd3 Nc5 29.
Rd1 Qb4 30. Ra2 Nd4 31. Qh5 Na4 32. Qe5 Rc4 33. Ne3 f6 34. Qh5 Rc5 35. Qg4 e5 36. Rda1 Ra8 37. d6 Rca5 38.
d7 Qd6 39. Nc4 1-0

[Event "Deloitte NK 2021"]
[Site "Hoogeveen, Netherlands"]
[Date "2021.10.18"]
[Round "4.2"]
[White "Ernst, Sipke"]
[Black "Zwirs, Nico"]
[Result "1/2-1/2"]
[TimeControl "90min/40moves + 30min + 30sec/move"]
[WhiteElo "2534"]
[BlackElo "2439"]

1. d4 d5 2. c4 e6 3. Nf3 Nf6 4. Nc3 dxc4 5. Qa4+ c6 6. Qxc4 b5 7. Qd3 Bb7 8. Bg5 Nbd7 9. e4 b4 10.
Na4 Qa5 11. b3 c5 12. Bxf6 gxf6 13. d5 O-O-O 14. dxe6 Nb6 15. Nxb6+ Qxb6 16. Qe3 Qxe6 17. Bc4 Qxe4 18. Qxe4 Bxe4 19.
Bxf7 Bd6 20. O-O Bxf3 21. gxf3 Be5 22. Rad1 Rxd1 23. Rxd1 Rd8 24. Rxd8+ Kxd8 25. h4 Ke7 26. Bg8 h6 27.
Kf1 f5 28. Bh7 Ke6 29. Bg8+ Ke7 30. Bh7 Ke6 31. Bg8+ Kf6 32. h5 Kg5 33. Bf7 c4 34. Bxc4 Kxh5 35. Kg2 Kg5 36. Be6 Kf4 37.
Bd7 Bf6 38. Be8 Bh4 39. Bd7 a5 40. Bb5 Ke5 41. Bd7 f4 42. Kh3 Bg5 43. Kg2 Kd4 44. Kf1 Kc3 45. Ba4 Kb2 46. Kg2 Kxa2 47.
Kf1 Kb2 48. Kg2 Kc3 49. Kf1 Bd8 50. Kg2 Kd2 51. Kf1 h5 52. Be8 h4 53. Bd7 Bb6 54. Bb5 Bc7 55. Bd7 h3 56. Bc6 Bd8 57.
Kg1 Ke2 58. Kh2 a4 59. Bxa4 Kxf3 60. Kxh3 Kxf2 61. Kg4 Ke3 62. Bc6 Bc7 1/2-1/2

[Event "Deloitte NK 2021"]
[Site "Hoogeveen, Netherlands"]
[Date "2021.10.18"]
[Round "4.3"]
[White "Ten Hertog, Hugo"]
[Black "Van den Doel, Erik"]
[Result "1/2-1/2"]
[TimeControl "90min/40moves + 30min + 30sec/move"]
[WhiteElo "2519"]
[BlackElo "2601"]

1. e4 e5 2. Nf3 Nc6 3. d4 exd4 4. Nxd4 Nf6 5. Nxc6 bxc6 6. e5 Qe7 7. Qe2 Nd5 8. c4 Ba6 9. b3 g6 10.
Ba3 Nb4 11. Bb2 Bg7 12. a3 Nd5 13. Nd2 O-O 14. O-O-O Rfe8 15. Qf3 Nb6 16. Ne4 Bxe5 17. Bxe5 Qxe5 18. Nf6+ Kf8 19. Nxe8 Qa1+ 20.
Kc2 Qa2+ 21. Kc1 Qa1+ 22. Kc2 Qa2+ 23. Kc1 Qa1+ 1/2-1/2

[Event "Deloitte NK 2021"]
[Site "Hoogeveen, Netherlands"]
[Date "2021.10.18"]
[Round "4.4"]
[White "Reinderman, Dimitri"]
[Black "Van der Lende, Ilias"]
[Result "0-1"]
[TimeControl "90min/40moves + 30min + 30sec/move"]
[WhiteElo "2596"]
[BlackElo "2388"]

1. e4 e6 2. d4 d5 3. e5 c5 4.
c3 Nc6 5. Nf3 Qb6 6. Bd3 cxd4 7. cxd4 Bd7 8. O-O Nb4 9. Be2 Bb5 10. Bxb5+ Qxb5 11. Nc3 Qc4 12. Be3 Ne7 13. Nd2 Qa6 14.
Qb3 Nf5 15. a3 Nc6 16. Nf3 Be7 17. Qc2 Nxe3 18. fxe3 O-O 19. b4 Rac8 20. Qd2 Qc4 21. Rfc1 Nxb4 22. axb4 Bxb4 23. Qd1 Bxc3 24.
Ra3 Qb4 25. Rxa7 b5 26. Rb7 Qa5 27. Qd3 b4 28. Ng5 g6 29. Rd1 Rc7 30. Rxc7 Qxc7 31. e4 h6 32. Nf3 Rd8 33. h4 b3 34.
exd5 Rxd5 35. Kh1 b2 36. Qe3 Bxd4 37. Nxd4 Qb6 38. Qe1 Rxd4 39. Rb1 Qb3 40. Kg1 Qc2 0-1

[Event "Deloitte NK 2021"]
[Site "Hoogeveen, Netherlands"]
[Date "2021.10.18"]
[Round "4.5"]
[White "Swinkels, Robin"]
[Black "Sokolov, Ivan"]
[Result "1/2-1/2"]
[TimeControl "90min/40moves + 30min + 30sec/move"]
[WhiteElo "2509"]
[BlackElo "2595"]

1. e4 e5 2. Nf3 Nc6 3. Bc4 Bc5 4.
c3 Nf6 5. d4 exd4 6. e5 d5 7. Bb5 Ne4 8. cxd4 Bb6 9. Nc3 O-O 10. Be3 Ne7 11. Bd3 Bf5 12. O-O Qd7 13. a4 Nxc3 14.
bxc3 Ba5 15. Nh4 Bxd3 16. Qxd3 Qg4 17. g3 f6 18. f3 Qe6 19. f4 Qc6 20. Rac1 Qc4 21. Qc2 f5 22. Nf3 b5 23.
Nd2 Qc6 24. Nb3 bxa4 25. Nxa5 Qb5 26. Ra1 Qxa5 27. Rxa4 Qb5 28. Rb1 Qc6 29. Bc1 Nc8 30. Rba1 Nb6 31. Rxa7 g6 32. h3 Kf7 33. g4 Ke6 34. Qb3 Rxa7 35. Rxa7 Ra8 36. Rxa8 Qxa8 37. Qa3 Qc6 38. Qf8 Kd7 39.
Ba3 Qxc3 40. e6+ Kc6 41. e7 Qg3+ 1/2-1/2

[Event "Deloitte NK 2021"]
[Site "Hoogeveen, Netherlands"]
[Date "2021.10.18"]
[Round "4.6"]
[White "Warmerdam, Max"]
[Black "Beerdsen, Thomas"]
[Result "1-0"]
[TimeControl "90min/40moves + 30min + 30sec/move"]
[WhiteElo "2562"]
[BlackElo "2454"]

1. d4 d5 2. c4 dxc4 3. Nf3 Nf6 4. e3 a6 5. Bxc4 e6 6. O-O b5 7. Be2 Bb7 8. a4 b4 9. b3 Nbd7 10.
Bb2 Be7 11. Nbd2 c5 12. Nc4 O-O 13. Nfe5 cxd4 14. Bxd4 Nxe5 15. Bxe5 Nd7 16. Bf3 Bd5 17. Bxd5 exd5 18. Qxd5 Nxe5 19.
Qxd8 Rfxd8 20. Nxe5 Bf6 21.
Nc6 Bxa1 22. Nxd8 Rxd8 23. Rxa1 Rd3 24. Rb1 f5 25. h3 Kf7 26. Kf1 Ke6 27. Ke2 Rc3 28. g4 f4 29. exf4 Rxh3 30.
f3 h5 31. gxh5 Rxh5 32. Rg1 Rc5 33. Rg6+ Kf7 34. Rxa6 Rc3 35.
Rb6 Rxb3 36. f5 Ra3 37. Rxb4 Kf6 38. Kf2 Kxf5 39. Kg3 g5 40. Rb5+ Kg6 41. Ra5 Ra2 42. Ra8 Kf6 43. a5 Kg6 44.
a6 Kf6 45. f4 Ra4 46. fxg5+ Kg6 47. Kf3 Kg7 48. Ke3 Rc4 49. Rb8 Ra4 50. Rb6 Ra5 51. g6 Rd5 52. Ke4 Rd1 53. Ke5 Rd2 54. Rd6 1-0

[Event "Deloitte NK 2021"]
[Site "Hoogeveen, Netherlands"]
[Date "2021.10.18"]
[Round "4.7"]
[White "Vrolijk, Liam"]
[Black "Pruijssers, Roeland"]
[Result "1/2-1/2"]
[TimeControl "90min/40moves + 30min + 30sec/move"]
[WhiteElo "2480"]
[BlackElo "2561"]

1. c4 Nf6 2. Nc3 d5 3. cxd5 Nxd5 4. Nf3 g6 5. h4 Nxc3 6. bxc3 Bg7 7. h5 O-O 8. d4 c5 9. hxg6 hxg6 10.
Bh6 Bxh6 11. Rxh6 cxd4 12. Qd2 e5 13. Rh8+ Kxh8 14. Qh6+ Kg8 15. Ng5 Qxg5 16. Qxg5 Nc6 17. e3 Bf5 18.
Rc1 dxe3 19. Bb5 exf2+ 20. Kxf2 Kg7 21. Rh1 Rh8 22. Rxh8 Rxh8 23. Bxc6 bxc6 24. Qe7 Be6 25. Qxa7 Rd8 26.
Ke1 Rd3 27. Qa5 Bd5 28. a4 Re3+ 29. Kf2 Re4 30. Qc7 Rxa4 31. Qxe5+ Kh7 32. Qh2+ Kg8 33. Qb8+ Kg7 34. Qe5+ Kf8 35.
Qh8+ Ke7 36. Qe5+ Kd7 37. g3 Re4 38. Qb8 g5 39. Qa7+ Ke6 40. Qb8 g4 41. Qc7 Kf5 42. Qd7+ Kg6 43.
Qd8 f6 44. Qc8 Kg5 45. Qc7 Kh6 46. Qd8 Kg7 47. Qd7+ Kg6 48. Qd8 Re5 49. Qb8 c5 50. Qd6 Bf3 51. Qd3+ Kg7 52. Qd7+ Kf8 53.
Qd8+ Kf7 54. Qd7+ Re7 55. Qc8 Re2+ 56. Kf1 Re5 57. Qd7+ Kg6 58. Qd3+ Re4 59. Qd8 Be2+ 60. Kf2 Bc4 61.
Qc8 Re2+ 62. Kg1 Re1+ 63. Kf2 Rf1+ 64. Kg2 Rf5 65. Kg1 Bf7 66. Qd7 c4 67. Qc8 Rg5 68. Kf2 Rf5+ 69. Kg1 Bd5 70.
Qe8+ Kg7 71. Qd7+ Kg6 72. Qe8+ Bf7 73. Qc8 Kg5 74. Qd7 1/2-1/2

[Event "Deloitte NK 2021"]
[Site "Hoogeveen, Netherlands"]
[Date "2021.10.18"]
[Round "4.8"]
[White "Schoppen, Casper"]
[Black "Pijpers, Arthur"]
[Result "1/2-1/2"]
[TimeControl "90min/40moves + 30min + 30sec/move"]
[WhiteElo "2496"]
[BlackElo "2474"]

1. d4 Nf6 2. c4 g6 3. f3 Bg7 4. e4 d6 5. Nc3 O-O 6. Nge2 a6 7. Be3 b5 8. h4 h5 9. Qd2 c6 10.
Rd1 Qc7 11. Nc1 Nbd7 12. Be2 bxc4 13. Bxc4 d5 14. exd5 Nb6 15. Bb3 Nfxd5 16. Nxd5 cxd5 17. Bf4 Qc6 18. Bh6 Bxh6 19. Qxh6 Bf5 20.
Ne2 a5 21. g4 hxg4 22. h5 Qf6 23. fxg4 Be4 24. hxg6 Qg7 25. gxf7+ Rxf7 26. Rh5 Rf6 27. Qxg7+ Kxg7 28. Nc3 Bf3 29.
Rd3 e6 30. Bd1 Raf8 31. Rg5+ Kh8 32. Rd2 Rh6 33. Rh5 Rxh5 34. gxh5 Bxd1 35. Kxd1 Rf4 36. Kc2 Kg7 37. Rg2+ Kf7 38.
Ne2 Rh4 39. Rf2+ Ke7 40. Nf4 Kd6 41. b3 Nc8 42. a3 Ne7 43. b4 axb4 44. axb4 Nc6 45. Kc3 Nxd4 46. Kxd4 e5+ 47. Ke3 exf4+ 48. Rxf4 Rxh5 1/2-1/2